 Dungeon Crawl Stone Soup version 0.23.1 (webtiles) character file.

Game seed: 8666129576527644721

32 Hasart the Scratcher (level 3, 0/15 HPs)
             Began as a Felid Transmuter on Mar 6, 2019.
             Slain by a gnoll
             ... wielding a +0 spear
              (4 damage)
             ... on level 1 of the Dungeon.
             The game lasted 00:01:29 (628 turns).

Hasart the Scratcher (Felid Transmuter)              Turns: 628, Time: 00:01:30

Health: 0/15       AC:  1    Str:  6    XL:     3   Next: 10%
Magic:  7/7        EV: 18    Int: 14    God:
Gold:   13         SH:  0    Dex: 17    Spells: 5/6 levels left
                                        Lives:  0   Deaths: 0

rFire    . . .     SeeInvis +     - Unarmed
rCold    . . .     Gourm    .   (shield unavailable)
rNeg     . . .     Faith    .   (armour unavailable)
rPois    .         Spirit   .   (helmet unavailable)
rElec    .         Reflect  .   (cloak unavailable)
rCorr    .         Harm     .   (gloves unavailable)
MR       .....                  (boots unavailable)
Stlth    ++........             (no amulet)
HPRegen  0.05/turn              (no ring)
MPRegen  0.10/turn              (no ring)

@: quick
A: very small, no armour, no weapons or thrown items, stealth, claws 1, fangs 3,
see invisible, carnivore, speed 1, shaggy fur 1, slow metabolism 1, sharp paws
a: no special abilities


You were on level 1 of the Dungeon.
You were full.

You visited 1 branch of the dungeon, and saw 1 of its levels.

You collected 13 gold pieces.

Inventory:

Missiles
 a - 12 arrows
Scrolls
 b - 2 scrolls of identify {unknown}
 e - a scroll of teleportation {unknown}
Potions
 d - a potion of curing {unknown}
Comestibles
 c - a ration


   Skills:
 + Level 1.5 Fighting
 + Level 3.2 Dodging
 + Level 1.6 Stealth
 * Level 3.5 Unarmed Combat
 - Level 2.0 Spellcasting
 - Level 2.1 Transmutations


You had 5 spell levels left.
You knew the following spells:

 Your Spells              Type           Power        Failure   Level  Hunger
a - Beastly Appendage     Tmut           #.....       10%         1    ##.....

Your spell library contained the following spells:

 Spells                   Type           Power        Failure   Level  Hunger
 Sticks to Snakes         Tmut           #.......     14%         2    ###....
 Spider Form              Tmut/Pois      #.........   41%         3    ####...
 Ice Form                 Ice/Tmut       #.......     83%         4    #####..
 Blade Hands              Tmut           #.........   95%         5    ######.


Dungeon Overview and Level Annotations

Branches:
Dungeon (1/15)

Altars:


Innate Abilities, Weirdness & Mutations

You cannot wear armour.
You are incapable of wielding weapons or throwing items.
Your paws allow you to move quietly. (Stealth)
You have sharp claws.
You have razor-sharp teeth.
You have supernaturally acute eyesight. (SInv)
You are carnivorous and can eat meat at any time.
You cover ground quickly.
You are covered in fur. (AC +1)
You have a slow metabolism.
Your sharp claws are effective at attacking unaware monsters.


Message History

You closely miss the kobold. The kobold closely misses you.
You scratch the kobold but do no damage.
The kobold closely misses you.
You scratch the kobold.
The kobold is severely wounded.
The kobold misses you.
You scratch the kobold.
You kill the kobold!
You see here a kobold corpse.
A gnoll comes into view. It is wielding a +0 spear.
A gnoll is nearby!
You see here a mace.
The gnoll shouts!
The gnoll completely misses you. The gnoll hits you with a +0 spear.
You scratch the gnoll but do no damage. The gnoll hits you with a +0 spear!
* * * LOW HITPOINT WARNING * * *
You scratch the gnoll but do no damage. Your bite misses the gnoll.
The gnoll hits you with a +0 spear.
You die...

..# .... ##..## ...
##....##... . ..
##............ ...
#.^........... (...
#.......#.....
....##......g#.....
........$..@#......
........).....#
....#..†......#
#######..#.........#
..... #......†.....#
..... #...##).....##
≈.... #..##....#.##
≈.... #..##.#....#
≈.....#..#..##...#######


You could see a gnoll.

Vanquished Creatures
  3 oozes (D:1)
  A dart slug (D:1)
  A goblin (D:1)
  A hobgoblin (D:1)
  7 kobolds (D:1)
  4 bats (D:1)
  A frilled lizard (D:1)
  2 rats (D:1)
20 creatures vanquished.

Notes
Turn   | Place    | Note
-------+----------+-------------------------------------------
     0 | D:1      | Hasart the Felid Transmuter began the quest for the Orb.
     0 | D:1      | Reached XP level 1. HP: 9/9 MP: 4/4
    45 | D:1      | Reached XP level 2. HP: 5/12 MP: 6/6
   222 | D:1      | Reached skill level 1 in Stealth
   564 | D:1      | Reached XP level 3. HP: 15/15 MP: 7/7
   628 | D:1      | Slain by a gnoll

Skill      XL: |  1  2 |
---------------+-------+-----
Dodging        | 3 |  3.2
Stealth        | 1 |  1.6
Fighting       | |  1.5
Unarmed Combat | |  3.5
Spellcasting   | |  2.0
Transmutations | |  2.1

Action                   || total
-------------------------++-------
Melee: Unarmed           ||    62
       Bite              ||     4
       Punch             ||     1
 Stab: Sleeping          ||     1
  Eat: Chunk             ||     3
Armor: Skin              ||     4
Dodge: Dodged            ||    56
